Map: Thunderbird LE

Players

Akane - Winner!

  • Race: Zerg Zerg
  • Spawn Location: 5:00

Mez

  • Race: Terran Terran
  • League: Master
  • Spawn Location: 11:00

VOD

Have the link to the VOD?

Description

Time

  • Played on: July 28, 2019, 10:16 p.m.
  • Length: 11:11
Show
View Real Time Build Order
Export as new Build Order

Akane Zerg - Winner!

Build Orders: Hatch First 

Get SALT Encoding   

  12  0:00  Drone  
  13  0:12  Overlord  
  13  0:16  Drone  
  14  0:30  Drone x2  
  16  0:49  Hatchery  
  15  0:52  Drone  
  15  0:55  Drone  
  17  0:57  Drone  
  18  1:09  Extractor  
  17  1:13  Spawning Pool  
  17  1:18  Drone  
  17  1:19  Drone  
  18  1:29  Drone  
  19  1:39  Drone  
  20  1:51  Drone  
  21  2:01  Queen x2  
  23  2:02  Zergling x4  
  27  2:13  Hatchery  
  26  2:18  Overlord  
  26  2:24  Drone x2  
  28  2:34  Metabolic Boost  
  28  2:42  Drone x2  
  28  2:43  Queen  
  32  2:47  Overlord  
  32  2:50  Drone  
  33  2:56  Drone x2  
  35  3:02  Drone  
  36  3:09  Drone x2  
  36  3:10  Overlord  
  36  3:11  Drone  
  36  3:12  Drone  
  40  3:18  Drone x2  
  42  3:21  Queen  
  44  3:27  Queen  
  44  3:31  Overlord  
  44  3:33  Drone  
  47  3:35  Drone  
  47  3:38  Drone x2  
  47  3:41  Drone x2  
  51  3:45  Drone  
  51  3:47  Drone  
  54  3:49  Overlord  
  54  3:51  Drone x2  
  56  3:59  Queen  
  58  4:04  Overlord  
  58  4:09  Queen  
  58  4:12  Overlord  
  58  4:14  Drone x2  
  58  4:15  Drone x4  
  65  4:25  Zergling x10  
  65  4:31  Drone x2  
  72  4:32  Drone  
  72  4:33  Evolution Chamber x2  
  72  4:35  Overlord  
  71  4:38  Zergling x2  
  71  4:39  Zergling x8  
  76  4:49  Drone  
  77  4:53  Zergling x10  
  77  4:57  Zergling x4  
  77  4:58  Hatchery  
  77  4:59  Overlord  
  83  5:05  Zergling x6  
  82  5:08  Zerg Ground Armor Level 1  
  82  5:12  Overlord, Zerg Melee Weapons Level 1  
  82  5:13  Drone x4  
  80  5:19  Drone  
  81  5:24  Drone  
  81  5:25  Drone  
  81  5:27  Lair  
  83  5:29  Queen  
  83  5:30  Extractor x2  
  83  5:32  Drone  
  83  5:33  Drone x3  
  83  5:34  Hatchery  
  86  5:38  Drone x2  
  87  5:43  Drone  
  87  5:46  Drone x2  
  89  5:57  Drone, Baneling Nest  
  89  5:59  Drone x2  
  89  6:00  Drone x2  
  89  6:02  Extractor x2  
  91  6:10  Drone  
  91  6:11  Drone x6, Queen  
  100  6:21  Drone x4  
  100  6:24  Zergling x2, Hatchery  
  100  6:25  Zergling x4  
  106  6:30  Drone x6  
  106  6:32  Overlord x2  
  112  6:34  Overlord  
  111  6:45  Overlord x3  
  111  6:46  Overlord  
  111  6:48  Centrifical Hooks  
  111  6:49  Baneling x6  
  111  6:51  Baneling x9  
  111  6:54  Zergling x14  
  111  6:58  Zergling x2  
  111  6:59  Zergling x6  
  122  7:02  Zergling x2  
  122  7:03  Zergling x8  
  128  7:08  Zergling x4  
  128  7:09  Zergling x2, Zerg Ground Armor Level 2  
  128  7:12  Zergling x2  
  128  7:15  Zergling x4, Extractor  
  132  7:16  Zerg Melee Weapons Level 2  
  132  7:20  Zergling x2  
  132  7:21  Zergling x12  
  139  7:24  Drone  
  139  7:27  Extractor  
  139  7:29  Zergling x16  
  145  7:38  Overlord  
  145  7:39  Zergling x2  
  145  7:40  Zergling x6  
  147  7:48  Drone x5  
  147  7:49  Hydralisk Den  
  147  7:50  Drone, Extractor  
  147  7:51  Drone x2  
  153  7:52  Infestation Pit, Zergling x10  
  153  7:57  Overlord  
  157  8:01  Zergling x2  
  157  8:02  Zergling x14  
  164  8:10  Overlord  
  163  8:13  Zergling x2  
  163  8:14  Zergling x10  
  163  8:15  Spore Crawler  
  163  8:18  Drone, Muscular Augments  
  163  8:19  Drone x2  
  171  8:22  Drone  
  171  8:23  Drone x5  
  177  8:29  Baneling x4  
  177  8:31  Hive  
  178  8:34  Zergling x20  
  178  8:39  Baneling x4  
  187  8:43  Zergling x10  
  192  8:48  Overlord  
  192  8:49  Overlord  
  192  8:50  Zergling x2  
  192  8:51  Zergling x4  
  192  8:52  Baneling x25  
  180  9:18  Zergling x2  
  180  9:19  Zergling x40  
  180  9:20  Hatchery  
  184  9:26  Zergling x10  
  184  9:30  Grooved Spines  
  181  9:43  Zergling x2  
  181  9:44  Zergling x28  
  185  9:53  Hydralisk x4  
  193  10:01  Viper x2  
  199  10:23  Spire  
  199  10:25  Baneling x13  
  198  10:36  Baneling x24, Extractor  
  198  10:37  Baneling x8  
  198  10:40  Overseer  
  197  10:43  Baneling x3  
Show
View Real Time Build Order
Export as new Build Order

Mez Terran 

Build Orders: Reaper Expand 

Get SALT Encoding   

  12  0:01  SCV  
  13  0:13  SCV  
  14  0:17  Supply Depot  
  14  0:25  SCV  
  15  0:39  SCV  
  15  0:40  Barracks  
  16  0:45  Refinery  
  16  0:51  SCV  
  17  1:03  SCV  
  18  1:15  SCV  
  19  1:28  Reaper, Orbital Command  
  20  1:39  Command Center  
  20  1:54  SCV  
  20  1:55  Barracks  
  21  2:02  Barracks Reactor  
  21  2:07  Barracks  
  21  2:12  SCV  
  22  2:16  Supply Depot  
  22  2:24  SCV  
  23  2:37  SCV  
  23  2:39  Marine  
  23  2:40  Marine  
  23  2:43  Barracks Tech Lab  
  26  2:49  SCV  
  27  2:53  Orbital Command  
  27  2:59  Marine x2  
  27  3:00  Marine  
  27  3:01  SCV  
  27  3:03  Combat Shield  
  27  3:04  Marine  
  32  3:14  SCV, Supply Depot  
  32  3:17  Marine x2  
  32  3:18  Marine  
  36  3:21  SCV  
  36  3:22  Marine  
  36  3:26  SCV  
  39  3:33  SCV  
  40  3:37  Marine x3  
  40  3:38  Engineering Bay  
  40  3:40  SCV, Marine, Supply Depot  
  45  3:54  SCV x2  
  45  3:55  Marine x3  
  48  4:00  Marine  
  51  4:04  Supply Depot  
  51  4:05  Terran Infantry Weapons Level 1  
  51  4:06  SCV x2  
  53  4:13  Marine  
  53  4:15  Marine x2  
  55  4:18  SCV x2, Marine  
  55  4:22  Stimpack  
  58  4:29  Supply Depot  
  58  4:36  Marine  
  58  4:37  Marine x3  
  58  4:38  SCV  
  63  4:39  SCV  
  63  4:40  Command Center  
  64  4:48  Factory  
  64  4:51  Refinery x2, SCV x2  
  62  5:12  Marine x4  
  60  5:14  SCV x2  
  60  5:18  Barracks x2  
  62  5:21  Supply Depot  
  62  5:26  SCV x2  
  64  5:35  Starport, Factory Reactor  
  64  5:38  SCV x2, Marine x2  
  64  5:40  Barracks Reactor  
  68  5:44  Supply Depot  
  68  5:45  Marine  
  61  5:50  SCV x2  
  61  5:55  Orbital Command  
  61  5:56  Marine x2  
  65  6:02  SCV  
  65  6:03  SCV, Marine  
  68  6:04  Terran Infantry Armor Level 1  
  68  6:14  Marine  
  68  6:15  SCV x2  
  68  6:16  Barracks Reactor x2, Command Center  
  71  6:19  Marine  
  71  6:20  Marine x2  
  71  6:21  Marine, Medivac x2  
  79  6:27  SCV x2  
  79  6:31  SCV  
  82  6:32  Marine  
  82  6:37  Marine x2  
  82  6:38  Armory, Marine  
  82  6:39  SCV x2  
  88  6:40  Engineering Bay, Marine  
  88  6:43  SCV  
  90  6:50  Marine  
  90  6:51  SCV  
  90  6:53  Medivac  
  94  6:55  Marine  
  94  7:00  Marine x2  
  94  7:01  Marine x5  
  99  7:06  Barracks x2  
  99  7:08  Marine, Barracks  
  102  7:12  SCV x3  
  102  7:13  Marine  
  107  7:18  Marine x2  
  108  7:42  Marine  
  108  7:43  Marine x8  
  102  7:44  Medivac x2  
  102  7:45  Factory Reactor  
  102  7:47  SCV x2  
  102  7:48  SCV, Terran Infantry Weapons Level 2  
  109  8:00  Marine x3  
  112  8:11  Marine x3  
  119  8:13  Barracks Tech Lab x2  
  119  8:14  Barracks Reactor  
  119  8:19  Planetary Fortress  
  115  8:20  SCV  
  115  8:21  SCV x2  
  115  8:26  Supply Depot  
  118  8:28  Marine x4, Marauder  
  118  8:29  Supply Depot  
  118  8:30  Supply Depot  
  118  8:31  Supply Depot  
  118  8:32  Terran Infantry Armor Level 2  
  124  8:37  Barracks  
  124  8:39  Barracks  
  124  8:41  Refinery x2, Barracks x2  
  124  8:48  Terran Vehicle And Ship Armor Level 1, Marine x8  
  132  8:50  SCV, Marine x3  
  132  8:53  Refinery  
  131  9:18  Marine  
  131  9:19  Marine x12  
  131  9:21  Widow Mine  
  131  9:22  Widow Mine  
  120  9:25  Factory  
  120  9:26  Factory  
  112  9:48  Marine  
  112  9:49  Marine x9, Marauder  
  112  9:50  Marauder x2  
  112  9:52  Marine x4  
  118  9:55  Widow Mine x2  
  122  10:05  Command Center  
  122  10:06  Marine x2  
  122  10:07  Marine x4  
  124  10:12  Marine x5  
  124  10:13  Marine x2, Marauder x3  
  127  10:22  Marine  
  128  10:29  Medivac x2  
  128  10:34  Marauder x3  
Tags
 
Add a new tag
Caveats
  • Supply blocks, unpowered buildings, or Contaminate may cause inaccurate times.
  • Supply counts are checked every 10 seconds.